[Event "Early-Titled-Tuesday-Blitz-September-26-2023"]
[Site "Chess.com"]
[Date "2023.09.26"]
[Round "9"]
[White "DuleMudule"]
[Black "hakanazeri2"]
[Result "1-0"]
[WhiteElo "2791"]
[BlackElo "2619"]
[TimeControl "180+1"]
[EndTime "9:46:55 PDT"]
[Termination "DuleMudule won on time"]

1. d4 Nf6 2. Bg5 e6 3. e3 d5 4. Nd2 h6 5. Bh4 c5 6. c3 Nc6 7. f4 Be7 8. Bd3 Qb6 9. Rb1 Nd7 10.
Bxe7 Nxe7 11. Ngf3 Qd6 12. Ne5 O-O 13. Qh5 f5 14. Nxd7 Bxd7 15. Nf3 cxd4 16. cxd4 Qb4+ 17. Kf2 Bb5 18. a3 Qb3 19. Bxb5 Qxb5 20. Nd2 Rac8 21.
Qe2 Qb6 22. Qd3 Rc7 23. Rhc1 Rfc8 24. Rxc7 Qxc7 25. Ke2 Nc6 26. b4 g5 27. g4 Qf7 28.
Rg1 gxf4 29. gxf5+ Kh8 30. fxe6 Qxe6 31. Rg6 Qh3 32. Nf3 Re8 33. Kf2 Rxe3 34. Qd1 Ne7 35. Rd6 Nf5 36. Rd8+ Kh7 37. Rxd5 Nh4 38. Rd7+ Qxd7 39.
Nxh4 Qe6 40. Nf3 Qh3 41. Qb1+ Kh8 42. Qd1 Rxf3+ 43. Qxf3 Qxh2+ 44. Ke1 Qg3+ 45. Ke2 Kg7 46. Qxb7+ Kg6 47. Qe4+ Kg5 48. d5 Qh2+ 49. Kd3 Qg3+ 50.
Kd4 f3 51. Qe3+ Kg4 52. Qe6+ Kh4 53. Qf6+ Kg4 54. d6 f2 55. d7 Qg1 56. d8=Q f1=Q+ 57. Kd5 Qd3+ 58. Kc6 Qxd8 59. Qxd8 Qc1+ 60. Kb7 h5 61.
Qd4+ Kg3 62. Qd6+ Kg4 63. Kxa7 h4 64. b5 h3 65. b6 1-0

[Event "Early-Titled-Tuesday-Blitz-September-26-2023"]
[Site "Chess.com"]
[Date "2023.09.26"]
[Round "9"]
[White "vladgoncharov"]
[Black "djokovic74"]
[Result "1-0"]
[WhiteElo "2544"]
[BlackElo "2671"]
[TimeControl "180+1"]
[EndTime "9:46:55 PDT"]
[Termination "vladgoncharov won on time"]

1. d4 e6 2. c4 Nf6 3. Nc3 Bb4 4. e3 O-O 5. Bd3 b6 6. Ne2 d5 7. O-O Bb7 8. cxd5 exd5 9. h3 a6 10. a3 Bd6 11. b4 Re8 12. Bb2 Nbd7 13. Rc1 Nf8 14.
Qd2 Ng6 15. Bb1 Bc8 16. f3 Bb7 17. Rce1 Qd7 18. Nc1 Bg3 19. Re2 Re7 20. f4 Rae8 21.
Nd3 Ne4 22. Nxe4 dxe4 23. Ne5 Qd5 24. Bc3 Qd8 25. Qc1 Bd5 26. Be1 Bxe1 27. Rfxe1 f6 28.
Nxg6 hxg6 29. Ba2 Bxa2 30. Rxa2 Qd5 31. Rc2 Rc8 32. Rc6 Qb5 33. Qc4+ Qxc4 34. Rxc4 Kf7 35. Rec1 Ke8 36. a4 Kd7 37. a5 bxa5 38. bxa5 Re6 39. Rc5 Rd6 40. Kf2 c6 41. Rb1 Rd5 42. Rb6 Rxc5 43.
dxc5 Ke6 44. Rxa6 Kd5 45. Ra7 Kxc5 46. Rxg7 Kb5 47. Rxg6 c5 48. Ke2 Rd8 49. Rxf6 c4 50. a6 c3 51. a7 c2 52. a8=Q c1=N+ 53. Kf2 Rxa8 54. g4 Ra2+ 55. Kg3 Re2 56. g5 Rxe3+ 57. Kg4 Re1 58. g6 Rg1+ 59. Kf5 e3 60. Re6 e2 61. h4 e1=Q 62. Rxe1 Rxe1 63. h5 Ne2 64. g7 Nd4+ 65. Kf6 Rg1 66. h6 Kc6 67. h7 1-0

[Event "Early-Titled-Tuesday-Blitz-September-26-2023"]
[Site "Chess.com"]
[Date "2023.09.26"]
[Round "9"]
[White "almaguerjm"]
[Black "Alina_Gumerovna"]
[Result "0-1"]
[WhiteElo "2479"]
[BlackElo "2187"]
[TimeControl "180+1"]
[EndTime "9:47:01 PDT"]
[Termination "Alina_Gumerovna won by checkmate"]

1. e4 e6 2. d3 d5 3. Nd2 c5 4. g3 Nc6 5. Bg2 Nf6 6. Ngf3 Bd6 7.
Qe2 Qc7 8. exd5 Nxd5 9. Nc4 Be7 10. a4 O-O 11. O-O b6 12. Re1 Bb7 13. h4 Nf6 14.
Bf4 Qd7 15. Nfe5 Nxe5 16. Nxe5 Qc8 17. g4 Bxg2 18. Kxg2 Qb7+ 19. Kh3 Nd5 20. Bg3 Bf6 21. f4 Bxe5 22. fxe5 Ne7 23. Rf1 Rad8 24. a5 b5 25. a6 Qd5 26. Ra5 Rb8 27. Bf2 Nc6 28. c4 bxc4 29.
dxc4 Qxe5 30. Qxe5 Nxe5 31. Rxc5 Nd3 32. Rc7 Rxb2 33.
Bxa7 Ra2 34. Rc6 Nb4 35. Rd6 Rxa6 36. Rxa6 Nxa6 37. Ra1 Nc7 38. Bc5 Ra8 39. Rxa8+ Nxa8 40. Bd6 Nb6 41. c5 Nc8 42. Bc7 Ne7 43. Bd6 Nc6 44. Kg3 f6 45. Kf4 Kf7 46. Ke4 Ke8 47. Kd3 Kd7 48. Bf8 g6 49. Ke4 Nd8 50. g5 fxg5 51. hxg5 Nf7 52. Kf4 e5+ 53. Ke4 Nxg5+ 54. Kxe5 Nf3+ 55. Kf6 g5 56. Kg7 h5 57. Kg6 h4 58.
Kf5 h3 59. Kg4 h2 60. Kxf3 h1=Q+ 61. Kg4 Qg2+ 62. Kh5 Ke6 63. Kg6 g4 64. c6 Qxc6 65. Kg5 g3 66. Bc5 g2 67. Bg1 Qc1+ 68. Be3 Qxe3+ 69.
Kh5 g1=Q 70. Kh4 Qh2+ 71. Kg4 Qef4# 0-1

[Event "Early-Titled-Tuesday-Blitz-September-26-2023"]
[Site "Chess.com"]
[Date "2023.09.26"]
[Round "9"]
[White "baki83"]
[Black "wannabe2700"]
[Result "0-1"]
[WhiteElo "2817"]
[BlackElo "2678"]
[TimeControl "180+1"]
[EndTime "9:47:15 PDT"]
[Termination "wannabe2700 won by resignation"]

1. e4 d5 2. exd5 Qxd5 3. Nf3 Bg4 4. Be2 Nc6 5. h3 Bxf3 6. Bxf3 Qe6+ 7. Qe2 Nd4 8. Qxe6 Nxf3+ 9. gxf3 fxe6 10. Nc3 Nf6 11.
d3 g6 12. Ne4 O-O-O 13. Ng5 Rd5 14. Be3 Rf5 15. Nxe6 Nd5 16. Ke2 Re5 17. Nxf8 Rxf8 18.
Rag1 Nf4+ 19. Kd2 Nh5 20. Ke2 Nf4+ 21. Kf1 Nh5 22. Kg2 Ref5 23. Re1 Rxf3 24. Re2 e5 25. Rhe1 R8f5 26. d4 exd4 27. Bxd4 b6 28. Re8+ Kb7 29. R1e7 Rf7 30. Be3 a5 31. Re4 R3f6 32.
R8e7 Kc8 33. Rxf7 Rxf7 34. c4 Kd7 35. c5 b5 36. Bd2 a4 37. Be3 Rf5 38. b3 axb3 39.
axb3 Nf6 40. Rh4 h5 41. Rd4+ Nd5 42. Bd2 Kc6 43. b4 Re5 44. Kf3 Rf5+ 45. Kg2 Kd7 46.
Re4 Ne7 47. Be3 Nc6 48. Bd2 Rd5 49. Bc3 Rd3 50. Bg7 Rb3 51. Rf4 Rxb4 52. Rf7+ Kc8 53. Rf6 Ne7 54. c6 Kb8 55. Re6 Nc8 56. Rxg6 Rc4 57.
Be5 Rc5 58. f4 b4 59. Kf3 b3 60. Ke4 Ne7 61. Rg3 Rb5 62. Rg2 Nxc6 63. Bb2 Na5 64.
f5 Nc4 65. f6 Nd6+ 66. Kd3 Rf5 67. Rg3 Kc8 68. Rg8+ Kd7 69. Rb8 Rf3+ 70. Ke2 Rxh3 71. Ba3 Ke6 72. Rf8 Nf7 73. Be7 Rh2+ 74. Kf3 b2 75.
Rb8 Rc2 76. Rb4 Ne5+ 77. Kg3 Nc6 78. Rb3 Nxe7 79. Re3+ Kxf6 80. Re6+ Kxe6 81. Kh4 b1=Q 0-1

[Event "Early-Titled-Tuesday-Blitz-September-26-2023"]
[Site "Chess.com"]
[Date "2023.09.26"]
[Round "9"]
[White "KerryStead"]
[Black "HrvojeZagreb"]
[Result "0-1"]
[WhiteElo "2092"]
[BlackElo "2289"]
[TimeControl "180+1"]
[EndTime "9:47:15 PDT"]
[Termination "HrvojeZagreb won by checkmate"]

1. d4 e6 2. e4 d5 3. Be3 dxe4 4. Nd2 Nf6 5. f3 exf3 6. Ngxf3 Nbd7 7. Bd3 c5 8. c3 cxd4 9. cxd4 Be7 10. O-O Ng4 11. Qe2 Nxe3 12. Qxe3 O-O 13. Rae1 Bf6 14. Nc4 Nb6 15.
Nce5 Nd5 16. Qe4 g6 17. Bb1 Bg7 18. h4 Qb6 19. Rf2 f5 20. Qe2 Rd8 21. Nc4 Qa6 22. Nfe5 b5 23. Ne3 Qd6 24. Nxd5 Qxd5 25. Nf3 Bd7 26. h5 Re8 27. hxg6 hxg6 28. Qe3 Bc6 29. Qg5 Kf7 30. Nh4 Qxd4 31. Qxg6+ Kf8 32. Rxe6 Qxh4 33.
Qxf5+ Kg8 34. Qf7+ Kh8 35. Rxe8+ Rxe8 36. Bd3 Re1+ 37. Bf1 Bd4 38. Qf8+ Kh7 39. Qf7+ Kh6 40. Qf8+ Kh7 41. Qf7+ Bg7 42. Qf5+ Kh6 43. Qf4+ Qxf4 44. Rxf4 Bd5 45. Kf2 Re5 46. Rh4+ Kg5 47. Rh3 Rf5+ 48. Ke1 Be5 49. Be2 Bf4 50. Rh5+ Kf6 51. Rxf5+ Kxf5 52. g4+ Kg5 53. Kf2 Bxa2 54. Bxb5 Be6 55. Ke2 Bxg4+ 56.
Kd3 Bh3 57. b4 Bf1+ 58. Kd4 Bxb5 59. Kc5 a6 60. Kb6 Bd2 61. Ka5 Kf4 62. Kb6 Bxb4 63. Kc7 Bf8 64. Kb6 Be7 65. Ka5 Bd8+ 66. Kb4 Ke5 67. Kb3 Kd5 68. Ka3 Kc5 69. Kb3 a5 70. Ka3 a4 71. Kb2 Bf6+ 72. Ka2 Kb4 73. Kb1 Bd3+ 74. Ka2 Bc4+ 75. Kb1 a3 76. Kc2 a2 77. Kd2 a1=Q 78. Kc2 Qc3+ 79. Kd1 Qd3+ 80. Kc1 Bg5+ 81. Kb2 Qb3+ 82. Ka1 Qa2# 0-1

[Event "Early-Titled-Tuesday-Blitz-September-26-2023"]
[Site "Chess.com"]
[Date "2023.09.26"]
[Round "9"]
[White "Juicy_Fork"]
[Black "Roedor"]
[Result "1-0"]
[WhiteElo "2474"]
[BlackElo "2339"]
[TimeControl "180+1"]
[EndTime "9:47:16 PDT"]
[Termination "Juicy_Fork won on time"]

1. e4 e5 2. Nf3 Nc6 3. Bb5 Nf6 4. d3 Bc5 5. Nbd2 O-O 6. O-O d5 7. Bxc6 bxc6 8. Nxe5 Bd6 9. f4 dxe4 10. Nxe4 Nxe4 11.
dxe4 Bxe5 12. fxe5 Qxd1 13. Rxd1 Bg4 14. Re1 Rab8 15. h3 Be6 16. b3 Rfd8 17. Bg5 Re8 18.
Rad1 h6 19. Bh4 g5 20. Bf2 a6 21. h4 Kg7 22. hxg5 hxg5 23. Rd3 Kg6 24. Red1 Rb5 25. Bd4 Rd8 26. a4 Rbb8 27. Kf2 Rh8 28. Kg3 Rh4 29. Re3 Rg4+ 30. Kf2 Rh8 31. Bc3 Rh2 32. Rg1 c5 33. Ba5 c6 34. Bd8 c4 35. b4 Rf4+ 36. Ke1 Rg4 37.
Re2 Rg3 38. Kd2 c3+ 39. Kc1 Bc4 40. Rf2 Re3 41. Rf6+ Kg7 42. Rf5 Rxg2 43. Rxg5+ Rxg5 44. Bxg5 Re2 45. Bd2+ Kf8 46. Bxc3 Rxe4 47. Rh1 Bd5 48.
Rh8+ Ke7 49. Ra8 Rc4 50. Kb2 Re4 51. Rxa6 Re2 52. b5 cxb5 53. axb5 Be4 54. Ra7+ Ke6 55.
b6 Rxc2+ 56. Kb3 Rc1 57. b7 Rb1+ 58. Bb2 Bxb7 59. Rxb7 Re1 60. Rb6+ Kd5 61. Rf6 Re3+ 62. Bc3 Re2 63. Rxf7 Ke6 64. Rf6+ Ke7 65. Kc4 Re4+ 66. Kd5 Rh4 67. Ra6 Kd7 68. Ra7+ Kc8 69. e6 Rh1 70. Bd4 Rh5+ 71. Kd6 Rh6 72. Rg7 1-0

[Event "Early-Titled-Tuesday-Blitz-September-26-2023"]
[Site "Chess.com"]
[Date "2023.09.26"]
[Round "9"]
[White "quvnoq_muxlis"]
[Black "bubeliang"]
[Result "1-0"]
[WhiteElo "2797"]
[BlackElo "2636"]
[TimeControl "180+1"]
[EndTime "9:47:17 PDT"]
[Termination "quvnoq_muxlis won by checkmate"]

1. e4 c6 2. d4 d5 3. Nc3 dxe4 4. Nxe4 Nf6 5. Nxf6+ exf6 6. c3 Bd6 7. Bd3 O-O 8.
Qc2 Re8+ 9. Ne2 h5 10. h3 Nd7 11. O-O h4 12. Bd2 Nf8 13. Rae1 Bd7 14. Kh1 Qc7 15. Ng1 Bf4 16. Nf3 g5 17. Bf5 Kg7 18. Bc1 Ng6 19. Be3 Qd6 20. Bxd7 Qxd7 21. Ng1 Re7 22. Bxf4 Nxf4 23.
Rxe7 Qxe7 24. Qf5 Re8 25. g3 Ng6 26. Kg2 Qd6 27. Qf3 Re6 28. Ne2 Qe7 29. Ng1 Re1 30.
Qf5 Re6 31. Qf3 Qd6 32. Qf5 Re7 33. Qg4 Qd5+ 34. Qf3 Qxa2 35. b4 Qc2 36. Kh1 a6 37. Kg2 Re6 38. Kh1 Qd2 39. Rd1 Qb2 40. Rf1 b6 41. Rd1 a5 42. bxa5 bxa5 43. c4 a4 44. d5 cxd5 45. cxd5 Rd6 46. Ne2 Ne5 47. Qe4 a3 48. Nd4 Kg8 49. Nf5 Rd8 50. Nh6+ Kg7 51. Nf5+ Kf8 52. Qd4 Qxd4 53. Rxd4 a2 54. Ra4 Ke8 55.
Rxa2 Rxd5 56. Ne3 Rd3 57. gxh4 gxh4 58. Kg2 Ng6 59. Ra4 Rd7 60. Nf5 Rd5 61. Nxh4 Rg5+ 62.
Kh2 Nxh4 63. Rxh4 Kf8 64. Rf4 Kg7 65. h4 Re5 66. Kh3 Kg6 67. Rg4+ Kh6 68. Rf4 f5 69. Kg3 Kg6 70. Ra4 Re8 71. Ra6+ f6 72.
Ra7 Rb8 73. Ra4 Rb3+ 74. f3 Rb1 75. Kf4 Rg1 76. h5+ Kxh5 77. Kxf5 Rf1 78. Rf4 Kh6 79. Kxf6 Ra1 80. Rh4# 1-0

[Event "Early-Titled-Tuesday-Blitz-September-26-2023"]
[Site "Chess.com"]
[Date "2023.09.26"]
[Round "9"]
[White "Dewarfd"]
[Black "ViktoriyaTarasova"]
[Result "1/2-1/2"]
[WhiteElo "2158"]
[BlackElo "2392"]
[TimeControl "180+1"]
[EndTime "9:47:22 PDT"]
[Termination "Game drawn by repetition"]

1. d4 Nf6 2. e3 d5 3. Nf3 e6 4.
Bd3 c5 5. b3 Nc6 6. a3 Bd6 7.
Bb2 O-O 8. O-O b6 9. Nbd2 a5 10. c4 Bb7 11. Qe2 Ne7 12. Rfd1 cxd4 13. Bxd4 Rc8 14.
Bxf6 gxf6 15. a4 Ng6 16. cxd5 Bxd5 17. Be4 Bb4 18. Bxd5 Qxd5 19. Nc4 Qc6 20. Nd4 Qb7 21. Qf3 Qxf3 22. Nxf3 Bc5 23. Rd7 Rfd8 24. Rad1 Rxd7 25. Rxd7 Kf8 26. h4 Ke8 27. Rb7 Rc6 28. h5 Ne7 29.
Nd4 Bxd4 30. exd4 Nf5 31. Rb8+ Ke7 32. d5 exd5 33. Rxb6 Rc5 34. Ne3 Nxe3 35. fxe3 Rc3 36. Kf2 Rc2+ 37. Kf3 Rc3 38. Rb5 d4 39. Rxa5 Rxe3+ 40. Kf4 Rxb3 41. Ra7+ Ke6 42. Ra6+ Kd5 43. Ra8 Rb2 44. a5 d3 45. Ke3 Kc4 46. Rc8+ Kd5 47. Kxd3 Ra2 48. Ra8 Rxg2 49. a6 Rg3+ 50. Ke2 Kc6 51. Rf8 Kb6 52. Rxf7 Kxa6 53. Rxf6+ Kb5 54. Rf7 h6 55. Rf6 Kc5 56. Rxh6 Kd5 57. Kf2 Rg8 58. Kf3 Ke5 59. Ra6 Kf5 60. h6 Kg5 61.
Kg3 Rh8 62. h7 Kh5 63. Ra7 Kg6 64. Kg4 Rxh7 65. Ra6+ Kg7 66. Kg5 Rh1 67. Ra7+ Kf8 68. Kf6 Rf1+ 69. Kg6 Rg1+ 70. Kf6 Rf1+ 71. Ke6 Re1+ 72.
Kf5 Rf1+ 73. Ke4 Re1+ 74. Kf3 Rf1+ 75. Ke2 Rf7 76. Ra8+ Kg7 77. Ke3 Re7+ 78. Kf4 Rf7+ 79. Kg5 Rb7 80. Ra5 Rc7 81. Rb5 Rd7 82. Re5 Ra7 83.
Rb5 Rc7 84. Ra5 Rd7 85. Rb5 Rc7 86. Ra5 Rd7 87. Rb5 Rc7 1/2-1/2

[Event "Early-Titled-Tuesday-Blitz-September-26-2023"]
[Site "Chess.com"]
[Date "2023.09.26"]
[Round "9"]
[White "Zhigalko_Sergei"]
[Black "rasmussvane"]
[Result "1-0"]
[WhiteElo "2855"]
[BlackElo "2990"]
[TimeControl "180+1"]
[EndTime "9:47:24 PDT"]
[Termination "Zhigalko_Sergei won by checkmate"]

1. e4 e5 2. Nf3 Nc6 3. Bb5 a6 4. Ba4 Nf6 5. O-O Be7 6. Re1 b5 7.
Bb3 O-O 8. a4 Rb8 9. axb5 axb5 10.
Nc3 d6 11. Nd5 Be6 12. d3 Qd7 13. h3 h6 14. c3 Ra8 15. Be3 Rfb8 16. Qd2 b4 17.
Nxf6+ Bxf6 18. Ba4 Qe8 19. cxb4 Bd7 20. Rec1 Nd8 21.
Bb3 Rxa1 22. Rxa1 Nc6 23. Rc1 Rxb4 24. Rxc6 Rxb3 25. Rxc7 Be6 26. Rc3 Qb8 27. Rxb3 Qxb3 28. d4 Bc4 29. dxe5 dxe5 30. Qc3 Qxc3 31. bxc3 Bd3 32.
Nd2 Be7 33. f3 Bh4 34. Nb3 Bc4 35. Nd2 Bd3 36. c4 Be1 37. c5 Bxd2 38. Bxd2 Bb5 39. Kf2 f6 40. g3 h5 41. f4 Kf7 42. f5 Bc6 43. Ke3 g6 44. g4 hxg4 45. hxg4 gxf5 46. exf5 Bd5 47. Be1 Bc6 48. Bh4 Bd5 49.
g5 fxg5 50. Bxg5 Bc6 51. Kd2 Bd7 52. f6 Ke6 53. Kc3 Bc6 54. Kc4 Bd5+ 55. Kb5 e4 56. Kb4 e3 57. Kc3 e2 58. Kd2 Bf3 59. Bh4 Kf7 60. Ke3 Bc6 61. Kxe2 Ke6 62. Ke3 Be8 63. Kd4 Bf7 64. Bg5 Kd7 65. Ke5 Kc6 66. Be3 Kd7 67. Kf5 Kc6 68. Kg5 Kd7 69. Kh6 Bd5 70. Kg7 Ke8 71. Bd4 Be6 72. c6 Bd5 73. c7 Kd7 74.
Be5 Be6 75. f7 Kc8 76. f8=Q+ Kb7 77. Qb8+ Kc6 78. Qd8 Bc8 79. Qxc8 Kd5 80. Qd7+ Ke4 81. Qd4+ Kf5 82. c8=Q+ Kg5 83. Qdg4# 1-0

[Event "Early-Titled-Tuesday-Blitz-September-26-2023"]
[Site "Chess.com"]
[Date "2023.09.26"]
[Round "9"]
[White "Aswathchess"]
[Black "ARMQUEEN"]
[Result "1-0"]
[WhiteElo "2591"]
[BlackElo "2442"]
[TimeControl "180+1"]
[EndTime "9:47:24 PDT"]
[Termination "Aswathchess won by resignation"]

1. d4 Nf6 2. c4 c6 3. g3 g6 4. Bg2 Bg7 5. Nf3 O-O 6. O-O d5 7. cxd5 cxd5 8. Nc3 Nc6 9. Ne5 Be6 10. Bf4 Rc8 11. Rc1 Nh5 12. Nxc6 Rxc6 13. Bg5 h6 14. Be3 Nf6 15. Na4 Nd7 16. Rxc6 bxc6 17. Qc1 Qc7 18. Bxh6 Rb8 19. Bf4 Qa5 20.
Bxb8 Nxb8 21. Nc5 Bg4 22. e3 Qxa2 23. Qa1 Qc4 24. Qxa7 Qb5 25. h3 Bf5 26. g4 Bc2 27.
Rc1 Qxb2 28. Rxc2 Qb1+ 29. Kh2 Qxc2 30. Qxb8+ Kh7 31. Qc7 Qxf2 32. Qxe7 Bh6 33. g5 Bg7 34. Nd3 Qf5 35. Ne5 c5 36. Nf3 cxd4 37. exd4 Qf4+ 38. Kh1 Qc1+ 39. Qe1 Qf4 40. Qf2 Qc1+ 41. Kh2 Qf4+ 42. Qg3 Qe3 43. Ne5 Qxd4 44. Nxf7 Kg8 45. Qf3 Qe4 46.
Qxe4 dxe4 47. Nd8 Be5+ 48. Kg1 Bf4 49. Ne6 Be3+ 50. Kf1 Kf7 51. Ke2 Bc1 52. Kd1 Be3 53.
Ke2 Bc1 54. Nd4 Bxg5 55. Bxe4 Bf6 56. Nf3 Kg7 57. Kf2 Kh6 58. Kg3 Be7 59. Kg4 Bd8 60. Ne5 Bf6 61. Nxg6 Bd4 62. Ne7 Bf6 63. Nf5+ Kg6 64.
h4 Kf7 65. h5 Be5 66. h6 Bf6 67. Nd6+ Kg8 68. Kf5 Bd4 69. Kg6 Bc3 70. h7+ Kf8 71. Bf5 Ke7 72. Ne4 Be5 73. Ng5 Bf6 74. Nf7 Bd4 75. Bd3 Bf6 76. Nh6 Bd4 77. Nf5+ 1-0

[Event "Early-Titled-Tuesday-Blitz-September-26-2023"]
[Site "Chess.com"]
[Date "2023.09.26"]
[Round "9"]
[White "mapleaff"]
[Black "Bilan_Danila"]
[Result "0-1"]
[WhiteElo "2359"]
[BlackElo "2532"]
[TimeControl "180+1"]
[EndTime "9:47:29 PDT"]
[Termination "Bilan_Danila won on time"]

1. e4 c6 2. Nf3 d5 3. d3 Bg4 4.
h3 Bxf3 5. Qxf3 e6 6. Be2 Nd7 7. O-O Ngf6 8. c4 dxe4 9. dxe4 e5 10. Nc3 Bc5 11. Rd1 O-O 12. Bg5 Qc7 13. g3 Bd4 14.
h4 h6 15. Bd2 Rad8 16. g4 Nh7 17. g5 hxg5 18. hxg5 g6 19. Kg2 Kg7 20. Rh1 Rh8 21. Rh3 Nc5 22. Rah1 Qe7 23. Qg3 Bxf2 24. Kxf2 Rxd2 25.
Qh2 Qxg5 26. Rxh7+ Rxh7 27. Qxh7+ Kf8 28. Qh6+ Qxh6 29.
Rxh6 Rxb2 30. Rh8+ Ke7 31. Rc8 Kd7 32. Ra8 a6 33.
Rf8 Ke7 34. Rc8 f5 35. Rg8 Kf6 36. Rf8+ Kg5 37. exf5 gxf5 38. Rg8+ Kf4 39. Ke1 e4 40. Nd1 Rxa2 41. Rf8 Ra3 42. Kf2 b5 43. cxb5 axb5 44. Rc8 Rc3 45. Nxc3 b4 46. Rxc6 Nd7 47. Rd6 Ne5 48. Rc6 bxc3 49. Rxc3 Ng6 50. Re3 Ne5 51. Rh3 Ng6 52. Rh6 Kg5 53. Rh7 Ne5 54. Rg7+ Kf4 55. Rg1 Nf7 56. Rf1 Ke5 57. Ke1 Nd6 58. Bh5 Nc4 59. Rg1 Ne3 60. Rg7 Kf4 61. Ke2 Nc2 62.
Rf7 Nd4+ 63. Kf1 Ke3 64. Bg6 Kf4 65. Bh7 Ke5 66. Re7+ Kf4 67. Rf7 Ke5 68. Kf2 Kf4 69. Rf8 Ke5 70. Kg3 Ne2+ 71. Kh4 Nd4 72. Kg5 Nf3+ 73.
Kh5 Kf4 74. Rxf5+ Ke3 75. Kg4 Nh2+ 76. Kg3 Nf3 0-1

[Event "Early-Titled-Tuesday-Blitz-September-26-2023"]
[Site "Chess.com"]
[Date "2023.09.26"]
[Round "9"]
[White "amylazy"]
[Black "draksbg"]
[Result "1/2-1/2"]
[WhiteElo "2439"]
[BlackElo "2635"]
[TimeControl "180+1"]
[EndTime "9:47:32 PDT"]
[Termination "Game drawn - insufficient material"]

1. d4 Nf6 2. Nf3 g6 3. g3 Bg7 4.
Bg2 O-O 5. O-O d6 6. a4 c6 7. a5 Nbd7 8. Nc3 e5 9. dxe5 dxe5 10. Qd6 Ne8 11. Qd3 Qe7 12. Rd1 Nc5 13. Qe3 Nc7 14. b4 Nd7 15. Ba3 Nb5 16. Nxb5 cxb5 17. Bb2 Re8 18. Bc3 a6 19. Rd5 f6 20. Rad1 Nf8 21.
Qc5 Be6 22. Qxe7 Rxe7 23. Rd8 Re8 24. Rxa8 Rxa8 25. Ne1 Rb8 26. Rd6 f5 27. e4 Rc8 28.
exf5 gxf5 29. Bd2 Rc7 30. Be3 e4 31. Bc5 Rd7 32. Bf1 Rxd6 33. Bxd6 Nd7 34. Ng2 Bc3 35.
Nf4 Kf7 36. Bh3 Ne5 37. Ne2 Nf3+ 38. Kg2 Bd2 39. Nf4 Ne1+ 40. Kf1 Nxc2 41. Ke2 Bxb4 42. Bxb4 Nxb4 43. g4 fxg4 44. Bg2 Bf5 45. Ke3 Nc6 46. Ne2 Nxa5 47. Ng3 Kf6 48. Kf4 Bg6 49. Kxg4 b4 50.
h4 b3 51. h5 Bf7 52. Bxe4 b2 53. Bxh7 Ba2 54. Ne4+ Kg7 55. Ng5 b1=Q 56. Bxb1 Bxb1 57. Ne6+ Kf6 58. Nc5 b5 59. Nxa6 Nc6 60. f4 b4 61. Nc5 Bc2 62. Kf3 b3 63. Na4 Bd1+ 64. Ke3 Bxh5 65. Kd2 Bf7 66. Kc3 Kf5 67. Nc5 Na5 68.
Nd3 Ke4 69. Nc5+ Kxf4 70. Kb4 Nc6+ 71. Kc3 Ke3 72. Nxb3 Bxb3 73. Kxb3 1/2-1/2

[Event "Early-Titled-Tuesday-Blitz-September-26-2023"]
[Site "Chess.com"]
[Date "2023.09.26"]
[Round "9"]
[White "ellatambien"]
[Black "twofoxniel"]
[Result "1-0"]
[WhiteElo "2533"]
[BlackElo "2647"]
[TimeControl "180+1"]
[EndTime "9:47:43 PDT"]
[Termination "ellatambien won by checkmate"]

1. c4 c6 2. d4 d5 3. cxd5 cxd5 4. Bf4 Nc6 5. e3 Nf6 6. Nc3 Bf5 7. Qb3 Na5 8. Qa4+ Bd7 9. Qc2 Rc8 10. Bd3 e6 11. Nf3 Bb4 12. O-O O-O 13. Rfc1 Bxc3 14. bxc3 h6 15.
h3 b5 16. Nd2 Re8 17. Nb3 Nc4 18. Nc5 e5 19. Bg3 exd4 20. cxd4 Bc6 21. a4 bxa4 22. Bxc4 dxc4 23. Qxc4 Qe7 24. Rc3 Ne4 25. Nxe4 Qxe4 26. f3 Qg6 27. Kh2 h5 28. d5 Bd7 29.
Qd4 Rxc3 30. Qxc3 Rc8 31. Bc7 h4 32. Ra3 Qg5 33. Qe5 Qg6 34. e4 Qa6 35. Qe7 Qb5 36.
Be5 f6 37. Bxf6 gxf6 38. Qxf6 Qc5 39. Qg5+ Kf7 40. Qh5+ Ke7 41. Qg5+ Ke8 42. Re3 Qe7 43. Qg6+ Qf7 44. Qg5 Qe7 45. Qg6+ Kd8 46. e5 Be8 47. Qa6 a3 48. e6 Qc7+ 49. d6 Qc6 50. e7+ Kd7 51.
Qxa7+ Kxd6 52. Qd4+ Kc7 53. Rc3 Kb7 54. Rxc6 Bxc6 55.
Qb4+ Kc7 56. Qxa3 Kd7 57. Qe3 Ke8 58. Qg5 Rc7 59. Qxh4 Rxe7 60. Qc4 Bd7 61. Qc5 Re6 62. Qh5+ Ke7 63. Qg5+ Kd6 64. h4 Be8 65. h5 Re5 66. Qh6+ Re6 67. Qd2+ Ke7 68. g4 Kf7 69. Kg3 Re7 70.
Qd5+ Kf8 71. h6 Bf7 72. Qg5 Bg8 73. Qf6+ Rf7 74. Qd6+ Ke8 75. g5 Bh7 76. Qb8+ Ke7 77. Qh8 Bg6 78. Qe5+ Kf8 79. f4 Bf5 80. Qc5+ Kg8 81.
Qd5 Bg6 82. Qd6 Kh7 83. Qe5 Rf5 84. Qe7+ Rf7 85. Qe6 Rf8 86. Kf3 Rf7 87. Ke3 Rf5 88. Qe7+ Rf7 89. Qe5 Rf5 90. Qg7# 1-0

[Event "Early-Titled-Tuesday-Blitz-September-26-2023"]
[Site "Chess.com"]
[Date "2023.09.26"]
[Round "9"]
[White "AradNazari"]
[Black "BlitzWizard04"]
[Result "0-1"]
[WhiteElo "2785"]
[BlackElo "2653"]
[TimeControl "180+1"]
[EndTime "9:47:59 PDT"]
[Termination "BlitzWizard04 won by resignation"]

1. e4 c5 2. Nf3 e6 3. d4 cxd4 4. Nxd4 Nc6 5. Nc3 Qc7 6. Be3 a6 7. Qf3 Ne5 8. Qg3 h5 9. Nf5 exf5 10. Nd5 Qb8 11. Bb6 h4 12. Qc3 Nc6 13. Bc7 Qa7 14.
O-O-O Nge7 15. Re1 d6 16. Bb6 Qb8 17. Nc7+ Kd7 18.
exf5 Qxc7 19. Bxc7 Kxc7 20. f6 gxf6 21. Qxf6 Bh6+ 22. Kb1 Be6 23. Bd3 Nd5 24. Qf3 Ne5 25.
Qd1 Rhg8 26. Be4 Nf6 27. Rhg1 h3 28. gxh3 Rxg1 29. Rxg1 Nxe4 30. Ka1 Nxf2 31. Qd4 Nxh3 32. Rg3 Nf4 33. Rc3+ Nc6 34. Qf6 Rg8 35. Rg3 Ng6 36. h4 Bf4 37. Rg1 Be5 38. Qf3 Rh8 39. h5 Nf4 40.
Rg5 Nd4 41. Qc3+ Nc6 42. Qf3 Kd7 43. c3 Ke7 44. a4 Bd5 45. Qe3 Be6 46. Qf3 f6 47.
Rg7+ Bf7 48. Qf2 Rxh5 49. Kb1 Rh1+ 50. Rg1 Rxg1+ 51. Qxg1 Bg6+ 52. Ka2 Ke6 53. Qb6 Bf7 54. Qxb7 Nd8 55. Qxa6 Kf5+ 56. b3 Nde6 57. Qc8 Ke4 58. a5 Nc5 59. a6 Bxb3+ 60. Kb2 Bd5 61. a7 Nfd3+ 62. Kc2 f5 63. a8=Q Bxa8 64. Qxa8+ Ke3 65. Qg8 f4 66. Qg1+ Ke4 67. Kd2 f3 68. Qg4+ Bf4+ 69.
Kc2 Ne1+ 70. Kd1 Ned3 71. Kc2 Ne5 72. Qg1 Be3 73. Qh1 Kf4 74. Qh7 f2 75. Qh3 Nf3 76.
Kd1 Ne4 77. Qh6+ Nfg5 78. Ke2 Ng3+ 79. Kd3 f1=Q+ 80. Kc2 Qe2+ 81. Kb3 Qb5+ 82. Kc2 Qf5+ 83. Kb3 Ne4 84. Qh2+ Ng3 85. Qh4+ Kf3 86. Qh8 Qb1+ 87. Kc4 Qe4+ 88. Kb3 Qe5 89. Qf8+ Ke2 90. Qc8 N5e4 91. Qa6+ Kd2 92. Qa2+ Ke1 93. Qg2 Qxc3+ 94. Ka4 Qc4+ 95. Ka3 Bc1+ 0-1

[Event "Early-Titled-Tuesday-Blitz-September-26-2023"]
[Site "Chess.com"]
[Date "2023.09.26"]
[Round "9"]
[White "wqws"]
[Black "Arek_pacitan"]
[Result "0-1"]
[WhiteElo "2656"]
[BlackElo "2687"]
[TimeControl "180+1"]
[EndTime "9:48:35 PDT"]
[Termination "Arek_pacitan won by resignation"]

1. e4 c5 2. Nf3 Nc6 3. d4 cxd4 4. Nxd4 Nf6 5. Nc3 g6 6. Nxc6 bxc6 7. e5 Ng8 8. Bc4 Bg7 9. O-O Nh6 10. Qf3 O-O 11. Bxh6 Bxh6 12. Rad1 Qa5 13. Rfe1 Bg7 14. Qg3 d5 15.
exd6 exd6 16. Qxd6 Bf5 17. Qxc6 Rac8 18. Qd5 Qxd5 19.
Bxd5 Bxc3 20. bxc3 Rxc3 21. Re7 Rxc2 22. Bb3 Rb2 23.
Rxa7 Bc2 24. Bxc2 Rxc2 25. g4 Rc4 26. h3 Rb8 27. Rdd7 Rf4 28. Rab7 Ra8 29. Rd2 Ra3 30. Kg2 Kg7 31. Rb3 Ra5 32. Rf3 Rxf3 33. Kxf3 Ra3+ 34. Ke4 Rxh3 35. Rd3 Rh2 36. Rf3 Rh1 37. Ra3 Rf1 38. f3 Re1+ 39. Kf4 Rb1 40. Ra7 Rb4+ 41. Kg3 Kf6 42. a4 h5 43. a5 hxg4 44. fxg4 Kg5 45. Rxf7 Rxg4+ 46. Kf2 Ra4 47. Ra7 Kf4 48. a6 Ra2+ 49.
Kf1 g5 50. Rf7+ Kg3 51. a7 g4 52. Ke1 Kh3 53. Kf1 Ra1+ 54. Ke2 g3 55. Rh7+ Kg2 56. Rg7 Kh2 57. Rh7+ Kg1 58. Rb7 Kg2 59. Rg7 Ra2+ 60.
Ke3 Kh2 61. Rh7+ Kg1 62. Kf3 g2 63. Rb7 Ra3+ 64. Ke2 Kh2 65. Rh7+ Kg3 66. Rg7+ Kh3 67. Rh7+ Kg3 68. Rg7+ Kh2 69. Rh7+ Kg1 70. Rg7 Ra6 71. Kf3 Rf6+ 72. Ke2 Rf8 73. Kd3 Kf1 74. Kc4 Ra8 75. Kb5 Rxa7 76. Rxa7 g1=Q 77. Ra5 Qg5+ 78.
Ka6 Qd8 79. Rb5 Qa8+ 80. Kb6 Ke2 81. Ra5 Qb8+ 82. Kc6 Kd3 83. Rb5 Qc8+ 84. Kd6 Kc4 85. Re5 Qd8+ 86. Ke6 Kd4 87. Rf5 Qe8+ 88. Kd6 Qb8+ 89.
Ke6 Ke4 90. Rf7 Qb3+ 91. Ke7 Ke5 92. Kf8 Qb8+ 93. Kg7 Qd8 94. Rf8 Qg5+ 95. Kf7 Qh6 96. Rd8 Qh7+ 97. Ke8 Ke6 98. Rd6+ 0-1

[Event "Early-Titled-Tuesday-Blitz-September-26-2023"]
[Site "Chess.com"]
[Date "2023.09.26"]
[Round "10"]
[White "Shield12"]
[Black "DanielNaroditsky"]
[Result "1/2-1/2"]
[WhiteElo "3000"]
[BlackElo "3151"]
[TimeControl "180+1"]
[EndTime "9:50:45 PDT"]
[Termination "Game drawn by agreement"]

1. e4 d6 2. d4 Nc6 3. Nc3 Nf6 4. d5 Nb8 5. Nf3 g6 6. h3 Bg7 7. Be2 O-O 8. O-O c6 9. a4 a5 10. Re1 Qc7 11. Bf4 Nbd7 12. Qd2 Re8 13. Bf1 Nh5 14. Bh6 Bh8 1/2-1/2